 Dungeon Crawl Stone Soup version 0.26.1-2-gb8aa6d0cf2 (webtiles) character file.

Game seed: 10449241887569189752

67 Revguard the Ruffian (level 3, -9/28 HPs)
             Began as a Draconian Transmuter on Mar 4, 2021.
             Mangled by a gnoll
             ... wielding a +2 vorpal halberd
              (11 damage)
             ... on level 3 of the Dungeon.
             The game lasted 00:04:00 (1835 turns).

Revguard the Ruffian (Draconian Transmuter)         Turns: 1835, Time: 00:04:01

Health: -9/28      AC:  7    Str: 12    XL:     3   Next: 98%
Magic:  2/6        EV: 12    Int: 14    God:
Gold:   92         SH:  0    Dex: 11    Spells: 1/7 levels left

rFire    . . .     SeeInvis .     - Unarmed
rCold    . . .     Faith    .   (no shield)
rNeg     . . .     Spirit   .   (armour unavailable)
rPois    .         Reflect  .   (helmet restricted)
rElec    .         Harm     .   b - +1 cloak
rCorr    .         Rampage  .   (no gloves)
Will     .....                  (no boots)
Stlth    +.........             (no amulet)
HPRegen  0.09/turn              (no ring)
MPRegen  0.10/turn              (no ring)

@: wereblooded, very slightly contaminated
A: unfitting armour, cold-blooded, AC +5
a: no special abilities


You were on level 3 of the Dungeon.
You visited 1 branch of the dungeon, and saw 3 of its levels.

You collected 92 gold pieces.

Inventory:

Armour
 b - a +1 cloak (worn)
Jewellery
 l - an uncursed ring of willpower {unknown}
Scrolls
 e - 2 scrolls of remove curse
 i - a scroll of immolation


   Skills:
 + Level 1.1 Fighting
 + Level 2.0 Dodging
 + Level 3.9 Unarmed Combat
 + Level 2.5 Spellcasting
 + Level 2.5 Transmutations
 * Level 0.3 Poison Magic


You had one spell level left.
You knew the following spells:

 Your Spells              Type           Power        Failure   Level
a - Beastly Appendage     Tmut           16%          8%          1
b - Wereblood             Tmut           8%           12%         2
c - Spider Form           Tmut/Pois      2%           36%         3

Your spell library contained the following spells:

 Spells                   Type           Power        Failure   Level
 Ice Form                 Ice/Tmut       5%           80%         4
 Blade Hands              Tmut           4%           91%         5


Dungeon Overview and Level Annotations

Branches:
Dungeon (3/15)

Altars:
Gozag
The Shining One


Innate Abilities, Weirdness & Mutations

Your plain brown scales are hard. (AC +5)
You cannot fit into any form of body armour.
You are cold-blooded and may be slowed by cold attacks.


Message History

The gnoll hits you but does no damage.
The quokka bites you but does no damage.
You punch the quokka!
You kill the quokka!
The gnoll hits you from afar with a +0 halberd!
You hit the gnoll. Your headbutt misses the gnoll. You punch the gnoll.
The gnoll is moderately wounded.
The gnoll barely misses you.
The gnoll hits you from afar with a +0 halberd.
The gnoll hits you from afar with a +2 vorpal halberd!
* * * LOW HITPOINT WARNING * * *
x2 You barely miss the gnoll.
You claw the gnoll!
The gnoll is almost dead.
The gnoll hits you with a +0 club.
* * * LOW HITPOINT WARNING * * *
You howl as the wereblood boils in your veins!
You howl as the wereblood boils in your veins!
Your horns disappear.
Your talons disappear.
The gnoll hits you from afar with a +2 vorpal halberd!
You die...

#.g.# #...# . #...#####
.# ##....†..# #.
#.....##g###. .#
#######.....##.#.. .#
#.....#....g.#g#.# .#
#.###.#......#.#.###.##
#.#....[.....@.....#..
#.#.#.#........#.#.#.#
#.....#.##.###.#.#.#.#
#..†###.#..# #.#.†...#
#.### #.#..###.###.###
#.# #.#......##...##
#.# #......####....###
#.# ###.#### ##.(....#
#.### #.....# #.....#.#


You could see 3 gnolls.

Vanquished Creatures
  2 adders (D:2)
  An ooze (D:2)
  2 worms (D:2)
  A dart slug (D:2)
  A leopard gecko (D:3)
  4 hobgoblins
  7 jackals
  2 kobolds
  3 quokkas
  A ball python (D:1)
  5 bats
  4 frilled lizards
  2 rats
35 creatures vanquished.

Notes
Turn   | Place    | Note
-------+----------+-------------------------------------------
     0 | D:1      | Revguard the Draconian Transmuter began the quest for the
                  | Orb.
     0 | D:1      | Reached XP level 1. HP: 16/16 MP: 3/3
    90 | D:1      | Reached XP level 2. HP: 17/23 MP: 3/5
   207 | D:1      | Learned a level 2 spell: Wereblood
   261 | D:1      | Found a glowing golden altar of the Shining One.
   958 | D:2      | Reached XP level 3. HP: 12/28 MP: 2/6
  1512 | D:2      | Learned a level 3 spell: Spider Form
  1543 | D:2      | Found an opulent altar of Gozag.
  1835 | D:3      | Mangled by a gnoll

Illustrated notes

Levels and vault maps discovered:
D:1:      ebering_hopf_link, layout_basic, tso_metal_star
D:2:      layout_basic, lemuel_round_altar
D:3:      layout_loops_cross, dancing_weapons_uskayaw,
          gammafunk_temple_overflow_elements, due_unseen_surprise

Skill      XL: |  1  2 |
---------------+-------+-----
Dodging        | 2 |  2.0
Fighting       | |  1.1
Unarmed Combat | |  3.9
Spellcasting   | |  2.5
Transmutations | |  2.5
Poison Magic   | |  0.3

Action                   || total
-------------------------++-------
Melee: Unarmed           ||    79
       Kick              ||    13
       Headbutt          ||     6
       Tailslap          ||     4
       Punch             ||     2
 Cast: Beastly Appendage ||    18
       Wereblood         ||     3
  Use: Scroll            ||     8
       Potion            ||     3
 Stab: Sleeping          ||     1
Armor: Skin              ||    26
Dodge: Dodged            ||    60
